AoeStats
← dewcool2003

Nomad

507373026Analyzed
4v4 RM · 15d ago on Sep 17, 2026· 28m 46s· 8 players
Game mode
Random Map
Map size
231×231
Population
200
Speed
Normal
Resources
Standard
Victory
Conquest
Starting age
Dark Age
Ending age
Imperial Age
RankedLock teamsTeams togetherTeam positionsShared explorationLock speedFull tech treeHidden civsTurbo modeCheats
Victory
Defeat
🇨🇴 Spanish · Colombia
1184
+32
🇺🇦 Malay · Ukraine
1174
+13
🇲🇽 Teutons · Mexico
1147
+14
🇺🇸 Vietnamese · United States
1140
+14
🇺🇸 Dravidians · United States
1341
-22
🇦🇺 Persians · Australia
1255
-19
🇺🇸 Britons · United States
938
-23
🇺🇸 Franks · United States
895
-6
Chef
3:06 Loom
15:04 Feudal Age
16:00 Double-Bit Axe
19:30 Castle Age
18:12 Fletching
20:33 Wheelbarrow
20:05 Bodkin Arrow
24:53 Bow Saw
28:36 Imperial Age
26:19 Padded Archer Armor
26:11 Gold Mining
28:43 Leather Archer Armor
Stephen Ocka
5:16 Loom
9:54 Loom
15:04 Feudal Age
15:50 Double-Bit Axe
15:49 Horse Collar
17:58 Stone Mining
18:15 Town Watch
21:20 Castle Age
20:55 Man-at-Arms
22:50 Forging
26:12 Fletching
Bohemio_Antisemilla
5:52 Loom
15:51 Feudal Age
16:43 Double-Bit Axe
16:45 Fishing Lines
17:36 Town Watch
20:42 Castle Age
18:53 Gold Mining
18:55 Stone Mining
19:48 Horse Collar
23:23 Gillnets
28:00 Wheelbarrow
only_mousee
3:30 Loom
15:14 Feudal Age
18:25 Castle Age
18:18 Scale Barding Armor
21:29 Husbandry
27:08 Fletching
29:40 Wheelbarrow
28:51 Town Watch
dewcool2003
claybeDAWTcom
15:34 Loom
18:41 Feudal Age
19:07 Fishing Lines
26:21 Scale Barding Armor
26:30 Forging
26:23 Scale Mail Armor
Renard
2:55 Loom
13:54 Feudal Age
17:45 Castle Age
15:51 Fishing Lines
16:43 Double-Bit Axe
17:25 Horse Collar
18:49 Bow Saw
18:48 Squires
18:09 Man-at-Arms
19:05 Fletching
20:12 Bodkin Arrow
20:16 Pikeman
21:26 Gold Mining
27:54 Squires
Farmer Tunn
9:01 Loom
14:50 Feudal Age
16:26 Double-Bit Axe
19:13 Castle Age
17:02 Town Watch
20:12 Wheelbarrow
21:09 Bow Saw
24:16 Fishing Lines
25:55 Gillnets
26:35 Scale Barding Armor
26:41 Forging
27:04 Hand Cart
Connection lost

Rejoining the realm…

Still unreachable

The connection could not be restored.

Session expired

The server has moved on; the page needs a fresh start.